 Dungeon Crawl Stone Soup version 0.21-a0-404-g291f19a (webtiles) character file.

53 drevant the Skirmisher (level 3, -2/29 HPs)
             Began as a Demonspawn Abyssal Knight on Oct 30, 2017.
             Was a Believer of Lugonu.
             Killed from afar by an orc wizard (10 damage)
             ... with a magic dart
             ... on level 2 of the Dungeon.
             The game lasted 00:03:21 (1992 turns).

drevant the Skirmisher (Demonspawn Abyssal Knight)  Turns: 1992, Time: 00:03:22

Health: -2/29      AC:  5    Str: 15 (18) XL:     3   Next: 62%
Magic:  4/4        EV: 10    Int: 10 (13) God:    Lugonu [**....]
Gold:   96         SH:  0    Dex: 10 (12) Spells: 2/2 levels left

rFire    . . .     SeeInvis .   a - +1 hand axe
rCold    . . .     Gourm    .   (no shield)
rNeg     . . .     Faith    .   p - +0 ring mail
rPois    .         Spirit   .   (no helmet)
rElec    .         Reflect  .   q - scarf {repulsion}
rCorr    .         Harm     .   (no gloves)
MR       .....                  (no boots)
Stlth    ..........             (no amulet)
HPRegen  0.09/turn              (no ring)
MPRegen  0.09/turn              (no ring)

@: confused, mighty, heavily drained, repel missiles
A: talons 1
a: Depart the Abyss, Bend Space, Renounce Religion


You were on level 2 of the Dungeon.
You worshipped Lugonu.
Lugonu was pleased with you.
You were not hungry.

You visited 1 branch of the dungeon, and saw 2 of its levels.
You visited the Abyss 1 time.

You collected 96 gold pieces.

Inventory:

Hand Weapons
 a - a +1 hand axe (weapon)
 b - a +0 hunting sling
Missiles
 g - 4 stones (quivered)
 j - 18 sling bullets
Armour
 i - a +0 leather armour
 p - a +0 ring mail (worn)
 q - a scarf of repulsion (worn)
Scrolls
 k - a scroll of amnesia {unknown}
 n - 3 scrolls of remove curse {unknown}
 r - a scroll of identify {unknown}
Potions
 d - a potion of curing
 f - 2 potions of degeneration
 h - a potion of flight {unknown}
 o - a potion of might
Comestibles
 c - 2 bread rations
 l - 2 royal jellies
 m - 2 meat rations


   Skills:
 + Level 3.4(2.1) Fighting
 * Level 2.9(1.6) Axes
 + Level 2.3(1.0) Armour
 - Level 0.8(0.0) Dodging
 - Level 2.4(1.1) Invocations


You had 2 spell levels left.
You didn't know any spells.

Dungeon Overview and Level Annotations

Branches:
Dungeon (2/15)

Altars:


Innate Abilities, Weirdness & Mutations

You have sharp toenails.


Message History

The orc wizard hits you but does no damage.
It was a potion of curing.
You feel better. The orc wizard casts a spell at you.
You resist with significant effort. The orc hits you but does no damage.
a - a +1 hand axe (weapon)
The orc wizard mumbles some strange words.
The orc wizard blinks!
You completely miss the orc. Your kick misses the orc. The orc misses you.
The orc wizard gestures at you while chanting.
The magic dart hits you!
* * * LOW HITPOINT WARNING * * *
You hit the orc. You claw the orc.
You kill the orc!
Lugonu accepts your kill.
It was a potion of ambrosia.
You are confused.
You feel invigorated. The orc wizard casts a spell at you.
The magic dart hits you!
You die...

#......# #.## #
#.######...(.####### #.# # #.#
#(....#...[.## #.#### #.#
#....o##..#..######.##..
#.######.≈.≈(######........##.#
#.#......≈.§..(...#.######....#
#.#....≈≈8.8≈≈(...### #.#...
#.'...[§§§...§)...# ###....#
###....≈§8.8≈≈@...# #.......
#....§§≈.§......# #.##.#..
######.≈.≈.###### #.##.##.
#.....# #.#.#.#. #.....#
#.##.##. #.....# #.......
#.....# ####.... ####### #..##
#....


You could see an orc wizard.

Vanquished Creatures
  A worm (D:2)
  2 orcs (D:2)
  3 giant cockroaches
  7 goblins
  7 hobgoblins
  A quokka (D:2)
  7 bats
  A frilled lizard (D:1)
  8 kobolds
  5 rats
42 creatures vanquished.

Notes
Turn   | Place    | Note
-------+----------+-------------------------------------------
     0 | Abyss:1  | drevant the Demonspawn Abyssal Knight began the quest for the Orb.
     0 | Abyss:1  | Reached XP level 1. HP: 18/18 MP: 2/2
    45 | Abyss:1  | Noticed a small abomination
    52 | Abyss:1  | Noticed a small abomination
    55 | D:1      | Escaped the Abyss
   254 | D:1      | Reached * piety under Lugonu
   540 | D:1      | Gained mutation: You have sharp toenails. [demonic ancestry]
   540 | D:1      | Reached XP level 2. HP: 24/24 MP: 3/3
   940 | D:1      | Reached XP level 3. HP: 29/29 MP: 4/4
  1665 | D:2      | Reached ** piety under Lugonu
  1992 | D:2      | Killed from afar by an orc wizard

Vault maps used:
D:1:      enne_arrival_octagon_isle, hangedman_abyss_or_decor_lesser_grid
D:2:      kennysheep_minor_cross

Skill      XL: |  1 |
---------------+----+-----
Axes           | 2 |  2.9
Armour         | 2 |  2.3
Fighting       | |  3.4
Dodging        | |  0.8
Invocations    | |  2.4

Action                   || total
-------------------------++-------
Melee: Hand axe          ||    33
       Kick              ||     1
 Fire: Hunting sling     ||   108
Invok: Depart the Abyss  ||     1
  Use: Potion            ||     4
  Eat: Chunk             ||     3
Armor: Leather armour    ||    13
       Ring mail         ||    22
Dodge: Dodged            ||    58

Table legend:
 A = Spawn XP
 B = Non-spawn XP
 C = Spawn XP percentage of total XP
 D = Spawn monster count
 E = Non-spawn monster count
 F = Spawn count percentage of total count
 G = Total turns spent on level
                    A         B        C        D         E        F      G
               +---------+---------+-------+---------+---------+-------+---------
         Total |       0 |      76 |   0.0 |       0 |      42 |   0.0 |  1992
               +---------+---------+-------+---------+---------+-------+---------
           D:1 |       0 |      45 |   0.0 |       0 |      27 |   0.0 |  1205
           D:2 |       0 |      31 |   0.0 |       0 |      15 |   0.0 |   732
               +---------+---------+-------+---------+---------+-------+---------
